 Dungeon Crawl Stone Soup version 0.30.1-11-g7821555f0a (webtiles) character file.

Game seed: 9443967274707635553

705 jfcaron the Ruffian (level 7, -2/117 HPs)
             Began as an Ogre Transmuter on Nov 14, 2023.
             Was an Initiate of Zin (penitent).
             Slain by an orc warrior
             ... wielding a +0 glaive
              (9 damage)
             ... on level 7 of the Dungeon.
             The game lasted 00:15:09 (4216 turns).

jfcaron the Ruffian (Ogre Transmuter)               Turns: 4216, Time: 00:15:10

Health: -2/117     AC: 23    Str: 17    XL:     7   Next: 67%
Magic:  11/11      EV:  1    Int: 14    God:    Zin [......]
Gold:   84         SH:  0    Dex:  9    Spells: 6/12 levels left

rFire   . .          .
                       - Unarmed
rCold   + . .        (no shield)
rNeg    . . .        a - melded +0 robe
rPois   +            (helmet currently unavailable)
rElec   .            (cloak currently unavailable)
rCorr   .            (gloves unavailable)
SInv    .            (boots unavailable)
Will    .....        (no amulet)
Stlth   +            c - ring of protection from cold
HPRegen 0.39/turn    (no ring)
MPRegen 0.12/turn

%: no passive effects
@: tree-form
A: stationary, stasis, torment immunity, boosted hp, large, unfitting armour,
(tough skin 1), robust 1
a: Renounce Religion, Donate Gold


You were on level 7 of the Dungeon.
You worshipped Zin.
Zin was demanding penance.
You were a tree.
You visited 1 branch of the dungeon, and saw 7 of its levels.

You collected 183 gold pieces.
You spent 90 gold pieces at shops.
You donated 9 gold pieces to Zin.

Inventory:

Missiles
 g - 7 stones
Armour
 a - a +0 robe (melded)
Jewellery
 c - a ring of protection from cold (left branch)
   (You found it on level 1 of the Dungeon)
Scrolls
 d - a scroll of amnesia
 e - 3 scrolls of blinking
 f - 2 scrolls of fear
 h - a scroll of teleportation {unknown}
 k - 2 scrolls of poison {unknown}
 m - 2 scrolls of fog {unknown}
Potions
 i - 2 potions of cancellation
 j - a potion of flight


   Skills:
 + Level 4.3 Fighting
 + Level 3.3 Dodging
 * Level 4.9 Unarmed Combat
 - Level 3.0 Spellcasting
 + Level 3.2 Transmutations
 + Level 2.2 Poison Magic
 + Level 2.1 Invocations


You had 6 spell levels left.
You knew the following spells:

 Your Spells              Type           Power      Damage    Failure   Level
a - Beastly Appendage     Tmut           22%        N/A       5%          1
b - Wereblood             Tmut           11%        N/A       9%          2
c - Spider Form           Tmut/Pois      9%         N/A       21%         3

Your spell library contained the following spells:

 Spells                   Type           Power      Damage    Failure   Level
 Inner Flame              Hex/Fire       2%         N/A       54%         3
 Portal Projectile        Hex/Tloc       4%         N/A       54%         3
 Tukima's Dance           Hex            2%         N/A       54%         3
 Ice Form                 Ice/Tmut       6%         N/A       73%         4
 Blade Hands              Tmut           5%         N/A       83%         5
 Yara's Violent Unravell  Hex/Tmut       3%         3d4       97%         5
 Enfeeble                 Hex            1%         N/A       100%        7


Dungeon Overview and Level Annotations

Branches:
Dungeon (7/15)
 Temple: D:4-7

Altars:
Fedhas
Gozag
Wu Jian
Zin

Shops:
D:6 :

Annotations:
D:4 Blork the orc
D:7 3 runed translucent doors, KittyFluff's ghost, novice GrBe; Mig's ghost, amateur TrMo; PurpleCat's ghost, novice MiFi; rozman's ghost, novice DrSu


Innate Abilities, Weirdness & Mutations

You are a tree.
Your roots penetrate the ground, keeping you stationary.
You cannot be teleported.
You are immune to unholy pain and torment.
Your maximum health is greatly increased.
Your equipment is partially melded.
You are too large for most types of armour.
((You have tough skin. (AC +1)))
You are robust. (+10% HP)


Message History

You closely miss the orc warrior.
The orc warrior is almost dead.
The orc warrior hits you with a +0 glaive!
You hit the orc warrior but do no damage.
The orc warrior is almost dead.
The orc warrior barely misses you.
You closely miss the orc warrior.
The orc warrior is almost dead.
The orc warrior hits you with a +0 glaive!
You hit the orc warrior but do no damage.
The orc warrior is almost dead.
The orc warrior hits you with a +0 glaive.
You barely miss the orc warrior.
The orc warrior is almost dead.
The orc warrior hits you with a +0 glaive!!
Zin protects you from harm!
You hit the orc warrior.
You punch the orc warrior, but do no damage.
The orc warrior is almost dead.
You hit the orc warrior but do no damage.
The orc warrior is almost dead.
The orc warrior hits you with a +0 glaive!
* * * LOW HITPOINT WARNING * * *
You feel better. The orc warrior barely misses you.
Okay, then.
You hit the orc warrior.
The orc warrior is almost dead.
The orc warrior hits you with a +0 glaive!!
* * * LOW HITPOINT WARNING * * *
You feel better. The orc warrior barely misses you.
You closely miss the orc warrior.
The orc warrior is almost dead.
The orc warrior hits you with a +0 glaive!
* * * LOW HITPOINT WARNING * * *
Really quaff the potion of lignification?
This action would place you under penance!
You turn into a tree.
Your +0 robe melds into your body.
Your roots penetrate the ground.
You feel extremely guilty. "You will pay for your transgression, mortal!"
The orc warrior hits you with a +0 glaive!
You die...

#....+ #.. #....# #..
#....# . #.. #....# ..
#.. #....# .. #.. #...##
.# #..
#...##########†.##+ #..
#....#.....#..?.... #..
#....'.♣o..))...... #..
#....#.....#)...... +..
#....#.....#....... #..
#...)#.....#....... #..
#...##...#..#.########..
#...##...#########...#..
#...#.....# #....<.g..
#...#.....# #......#.)
#...#.....# ##......#..


You could see an orc warrior.

Vanquished Creatures
  Sigmund (D:3)
  An orc warrior (D:7)
  A scorpion (D:7)
  2 hounds
  An orc priest (D:6)
  An iguana (D:7)
  A sleepcap (D:6)
  5 orc wizards (D:7)
  4 gnolls (D:7)
  2 adders (D:2)
  An ufetubus (D:7)
  2 worms (D:3)
  8 orcs
  2 endoplasms
  3 giant cockroaches
  8 goblins
  8 hobgoblins
  3 jackals (D:1)
  6 quokkas
  8 ball pythons
  A bat (D:1)
  4 frilled lizards
  5 kobolds
  12 rats
90 creatures vanquished.

Notes
Turn   | Place    | Note
-------+----------+-------------------------------------------
     0 | D:1      | jfcaron the Ogre Transmuter began the quest for the Orb.
     0 | D:1      | Reached XP level 1. HP: 19/19 MP: 3/3
   149 | D:1      | Reached XP level 2. HP: 21/28 MP: 2/5
   536 | D:1      | Learned a level 2 spell: Wereblood
   559 | D:1      | Reached XP level 3. HP: 35/35 MP: 5/7
   757 | D:1      | Learned a level 3 spell: Spider Form
  1725 | D:2      | Reached XP level 4. HP: 41/44 MP: 6/8
  2217 | D:3      | Noticed Sigmund
  2246 | D:3      | Killed Sigmund
  2247 | D:3      | Reached skill level 1 in Poison Magic
  2247 | D:3      | Reached XP level 5. HP: 40/53 MP: 5/9
  2247 | D:3      | Reached XP level 6. HP: 46/61 MP: 5/10
  2366 | D:3      | Found Zin's Purification Station.
  2367 | D:3      | Found a glowing silver altar of Zin.
  2374 | D:3      | Bought a potion of curing for 90 gold pieces
  2377 | D:3      | Became a worshipper of Zin the Law-Giver
  2713 | D:4      | Noticed Blork the orc
  2717 | D:5      | Entered Level 5 of the Dungeon
  2955 | D:6      | Noticed a black bear
  2955 | D:6      | Found Angun's Book Boutique.
  2957 | D:6      | Found an opulent altar of Gozag.
  3039 | D:6      | Found an ornate altar of the Wu Jian Council.
  3040 | D:6      | Found a blossoming altar of Fedhas.
  3055 | D:6      | HP: 12/61 [sleepcap (19)]
  3058 | D:6      | Gained mutation: You passively map a small area around you.
                  | [potion of mutation]
  3058 | D:6      | Gained mutation: You are robust. (+10% HP) [potion of
                  | mutation]
  3058 | D:6      | Lost mutation: You passively map a small area around you.
                  | [potion of mutation]
  3626 | D:7      | Noticed an orc warrior
  3636 | D:7      | Found a runed translucent gate.
  3637 | D:7      | Found a runed translucent gate.
  3638 | D:7      | Found a runed translucent gate.
  3639 | D:7      | Noticed Mig's ghost (amateur TrMo)
  3639 | D:7      | Noticed KittyFluff's ghost (novice GrBe)
  3639 | D:7      | Noticed PurpleCat's ghost (novice MiFi)
  3640 | D:7      | Noticed rozman's ghost (novice DrSu)
  3681 | D:7      | Killed an orc warrior
  3682 | D:7      | Reached skill level 1 in Invocations
  3700 | D:7      | Noticed a two-headed ogre
  3734 | D:6      | Reached XP level 7. HP: 22/74 MP: 11/11
  4209 | D:7      | Zin protects you from harm!
  4213 | D:7      | HP: 1/78 [orc warrior/+0 glaive (23)]
  4216 | D:7      | Was placed under penance by Zin
  4216 | D:7      | Slain by an orc warrior

Illustrated notes

Levels and vault maps discovered:
D:1:      onia_arrival_handbag, layout_loops_ring
D:2:      layout_basic
D:3:      layout_basic, zin_purify, kennysheep_another_room,
          palyth_stone_intersect, minmay_distorted, uniq_sigmund
D:4:      layout_rooms, minmay_pentangle, uniq_menkaure, uniq_blork_the_orc,
          uniq_pikel
D:5:      layout_loops_ring, mainiacjoe_overflow_alcove_2,
          minmay_temple_entry_fiery, minmay_misc_feat_rugged, uniq_eustachio,
          uniq_edmund
D:6:      layout_loops_ring, nicolae_overflow_hidden_temple, serial_shops, shop,
          nicolae_shop_stone, shop, shop, nrook_uturn,
          amcnicky_mini_rare_corridor_liquid, kennysheep_generic_room_5
D:7:      layout_gridville, gammafunk_ghost_cemetery, hangedman_decor_lopped

Skill      XL: |  1  2  3  4  5  6  7 |
---------------+----------------------+-----
Unarmed Combat | 3 4 |  4.9
Fighting       | 2 3 4 |  4.3
Dodging        | 2 3 |  3.3
Transmutations | 2 3 |  3.2
Spellcasting   | 3 |  3.0
Poison Magic   | 1 2 |  2.2
Invocations    | 1 2 |  2.1

Action                     |  1- 3 |  4- 6 |  7- 9 || total
---------------------------+-------+-------+-------++-------
  Melee: Unarmed           |   134 |   145 |    47 ||   326
         Kick              |    26 |     5 |       ||    31
         Headbutt          |    12 |     7 |       ||    19
         Punch             |     2 |       |     4 ||     6
  Throw: Stone             |     2 |    17 |     3 ||    22
   Cast: Beastly Appendage |    31 |    10 |       ||    41
         Spider Form       |       |     1 |       ||     1
Ability: End Transformatio |       |     1 |       ||     1
  Evoke: Wand              |       |     6 |     2 ||     8
    Use: Scroll            |     2 |     4 |     1 ||     7
         Potion            |       |     3 |     3 ||     6
 Armour: Robe              |    38 |    26 |     2 ||    66
  Dodge: Dodged            |    68 |    70 |    19 ||   157

Table legend: (Time is in decaauts)
 A = Elapsed time spent in this place.
 B = Non-inter-level travel time spent in this place.
 C = Inter-level travel time spent in this place.
 D = Time resting spent in this place.
 E = Time spent auto-exploring this place.
 F = Levels seen in this place.
 G = Mean time per level.
                   A        B        C        D        E       F      G
               +--------+--------+--------+--------+--------+-----+--------+
         Total |   4194 |   4129 |     65 |    563 |   2242 |   7 |  599.1 |
       Dungeon |   4194 |   4129 |     65 |    563 |   2242 |   7 |  599.1 |
               +--------+--------+--------+--------+--------+-----+--------+

Top non-repeatable levels by time:
     D:2: 957 daAuts
     D:1: 922 daAuts
     D:7: 844 daAuts
     D:3: 811 daAuts
     D:6: 410 daAuts
     D:5: 236 daAuts
     D:4: 11 daAuts

Table legend:
 A = Kills in this place as a percentage of kills in the entire game.
 B = Kills by you in this place as a percentage of kills by you in the entire game.
 C = Kills by friends in this place as a percentage of kills by friends in the entire game.
 D = Other kills in this place as a percentage of other kills in the entire game.
 E = Experience gained in this place as a percentage of experience gained in the entire game.
 F = Experience gained in this place divided by the number of levels of this place that you have seen.
                   A       B       C       D       E      F
               +-------+-------+-------+-------+-------+----------------------
         Total | 100.0 | 100.0 | 100.0 |   N/A | 100.0 | 144.0
       Dungeon | 100.0 | 100.0 | 100.0 |   N/A | 100.0 | 144.0
               +-------+-------+-------+-------+-------+----------------------

Levels and vault maps discovered:
D:1:      onia_arrival_handbag, layout_loops_ring
D:2:      layout_basic
D:3:      layout_basic, zin_purify, kennysheep_another_room,
          palyth_stone_intersect, minmay_distorted, uniq_sigmund
D:4:      layout_rooms, minmay_pentangle, uniq_menkaure, uniq_blork_the_orc,
          uniq_pikel
D:5:      layout_loops_ring, mainiacjoe_overflow_alcove_2,
          minmay_temple_entry_fiery, minmay_misc_feat_rugged, uniq_eustachio,
          uniq_edmund
D:6:      layout_loops_ring, nicolae_overflow_hidden_temple, serial_shops, shop,
          nicolae_shop_stone, shop, shop, nrook_uturn,
          amcnicky_mini_rare_corridor_liquid, kennysheep_generic_room_5
D:7:      layout_gridville, gammafunk_ghost_cemetery, hangedman_decor_lopped
